 Dungeon Crawl Stone Soup version 0.29.1-14-g9c671dbff4 (webtiles) character file.

Game seed: 1490689837153504274

58 MisterFreud the Twirler (level 4, -3/33 HPs)
             Began as a Formicid Gladiator on Feb 18, 2023.
             Slain by an iguana (7 damage)
             ... on level 5 of the Dungeon.
             The game lasted 00:02:06 (2222 turns).

MisterFreud the Twirler (Formicid Gladiator)        Turns: 2222, Time: 00:02:07

Health: -3/33      AC:  4    Str: 21    XL:     4   Next: 20%
Magic:  4/4        EV: 12    Int: 13    God:
Gold:   65         SH:  0    Dex: 15    Spells: 3/3 levels left

rFire   . . .      SeeInvis +   a - +1 quarterstaff
rCold   . . .      Faith    .   (no shield)
rNeg    . . .      Spirit   .   b - +0 leather armour
rPois   .          Reflect  .   (helmet unavailable)
rElec   .          Harm     .   (no cloak)
rCorr   .          Rampage  .   (no gloves)
Will    .....                   g - +0 pair of boots
Stlth   +.........              (no amulet)
HPRegen 0.11/turn               i - +6 ring of intelligence
MPRegen 0.09/turn               (no ring)

@: no status effects
A: permanent stasis, dig shafts and tunnels, antennae 3, four strong arms
a: Dig, Shaft Self


You were on level 5 of the Dungeon.
You visited 1 branch of the dungeon, and saw 5 of its levels.

You collected 65 gold pieces.

Inventory:

Hand Weapons
 a - a +1 quarterstaff (weapon)
Missiles
 c - 3 throwing nets (quivered)
 d - a javelin
Armour
 b - a +0 leather armour (worn)
 g - a +0 pair of boots (worn)
Jewellery
 e - an amulet of the acrobat
 i - a +6 ring of intelligence (left hand)
Potions
 f - a potion of flight {unknown}
 h - a potion of cancellation
 k - a potion of invisibility {unknown}
 l - a potion of haste {unknown}
 m - a potion of might {unknown}


   Skills:
 - Level 2.1 Fighting
 + Level 4.7 Staves
 - Level 2.0 Throwing
 - Level 2.6 Dodging


You had 3 spell levels left.
You didn't know any spells.
Your spell library contained the following spells:

 Spells                   Type           Power      Damage    Failure   Level
 Scorch                   Fire           0%         2d5       47%         2
 Sublimation of Blood     Necr           0%         N/A       47%         2
 Gell's Gravitas          Tloc           0%         N/A       71%         3
 Summon Guardian Golem    Hex/Summ       0%         N/A       71%         3
 Teleport Other           Tloc           0%         N/A       71%         3
 Flame Wave               Conj/Fire      0%         2d4       98%         4
 Petrify                  Tmut/Erth      0%         N/A       98%         4
 Irradiate                Conj/Tmut      0%         3d11      100%        5
 Dispersal                Tloc           0%         N/A       100%        6
 Summon Cactus Giant      Summ           0%         N/A       100%        6
 Orb of Destruction       Conj           0%         9d5       100%        7
 Spellforged Servitor     Conj/Summ      0%         N/A       100%        7


Dungeon Overview and Level Annotations

Branches:
Dungeon (5/15)
 Temple: D:4-7

Altars:

Shops:
D:1 ?

Annotations:
D:4 Dowan, Duvessa


Innate Abilities, Weirdness & Mutations

You cannot be hasted, slowed, berserked, paralysed or teleported.
You can dig through walls and to a lower floor.
You have a pair of large antennae on your head. (SInv)
Your four strong arms can wield two-handed weapons with a shield.


Message History

The iguana closely misses you.
You hit the iguana.
The iguana is heavily wounded.
The iguana bites you!
You are too injured to fight recklessly!
You hit the iguana.
The iguana is severely wounded.
The iguana bites you.
You hit the iguana but do no damage.
The iguana is severely wounded.
The iguana closely misses you.
You are too injured to fight recklessly!
You closely miss the iguana.
The iguana is severely wounded.
The iguana barely misses you. x2
You hit the iguana but do no damage.
The iguana is heavily wounded.
The iguana barely misses you.
You closely miss the iguana.
The iguana is heavily wounded.
The iguana bites you!
* * * LOW HITPOINT WARNING * * *
You closely miss the iguana.
The iguana is heavily wounded.
The iguana completely misses you.
You hit the iguana.
The iguana is almost dead.
The iguana bites you but does no damage.
You feel much better. The iguana bites you!
You hit the iguana but do no damage.
The iguana is almost dead.
The iguana bites you!
You hit the iguana but do no damage.
The iguana is almost dead.
The iguana bites you!
* * * LOW HITPOINT WARNING * * *
You hit the iguana but do no damage.
The iguana is almost dead.
The iguana bites you!
You die...

#..........#
#...###'#<.#
#.#.#...##...#
#.#.#.###....#
#.#.#.# #.#..#
..#.#.# #. ..#
########.#.#
#. ..#
.........#.#
#. ###
#..l@.>.# #.
>..........#
.#.........#
###.......#
.........#
.#......... .
#.####.###. ..
#.# .#


You could see an iguana.

Vanquished Creatures
  An adder (D:5)
  A dart slug (D:1)
  4 orcs (D:3)
  5 endoplasms
  A giant cockroach (D:1)
  4 hobgoblins
  A quokka (D:3)
  5 ball pythons
  8 bats
  3 frilled lizards
  3 goblins
  4 kobolds
  A rat (D:1)
  A spectral hobgoblin (D:1)
42 creatures vanquished.

Notes
Turn   | Place    | Note
-------+----------+-------------------------------------------
     0 | D:1      | MisterFreud the Formicid Gladiator began the quest for the
                  | Orb.
     0 | D:1      | Reached XP level 1. HP: 16/16 MP: 1/1
   202 | D:1      | Reached XP level 2. HP: 22/22 MP: 2/2
   581 | D:1      | Found Nudawein's Magic Scroll Emporium.
   721 | D:1      | Found a faded altar of an unknown god.
  1115 | D:2      | Reached skill level 4 in Staves
  1115 | D:2      | Reached XP level 3. HP: 27/27 MP: 3/3
  1953 | D:3      | Noticed an ogre
  1959 | D:3      | You fall into a shaft and drop 1 floor!
  1995 | D:4      | Reached XP level 4. HP: 33/33 MP: 4/4
  2005 | D:4      | Noticed Duvessa
  2007 | D:4      | Noticed Dowan
  2020 | D:5      | Entered Level 5 of the Dungeon
  2216 | D:5      | HP: 1/33 [iguana (10)]
  2222 | D:5      | Slain by an iguana

Illustrated notes

Levels and vault maps discovered:
D:1:      minmay_arrival_nine_rooms, layout_basic, serial_curves,
          eino_curves_04, eino_curves_04, serial_shops,
          nicolae_shop_behind_doors, dreamdust_ecumenical_altar_drowned_temple
D:2:      layout_basic
D:3:      layout_basic, nicolae_overflow_hidden_temple, uniq_ijyb, uniq_natasha
D:4:      layout_basic, minmay_temple_entry_waves,
          minmay_a_box_with_orc_wizards_in_it, uniq_sigmund, uniq_duvessa
D:5:      layout_basic, minmay_ruined_shrine, uniq_edmund

Skill      XL: |  1  2 |
---------------+-------+-----
Staves         | 4 |  4.7
Fighting       | |  2.1
Throwing       | |  2.0
Dodging        | |  2.6

Action                   |  1- 3 |  4- 6 || total
-------------------------+-------+-------++-------
Melee: Quarterstaff      |    90 |    20 ||   110
       Punch             |     1 |       ||     1
 Abil: Shaft Self        |     1 |       ||     1
  Use: Scroll            |     6 |       ||     6
       Potion            |       |     1 ||     1
 Stab: Sleeping          |     2 |       ||     2
Armor: Leather armour    |    33 |     3 ||    36
Dodge: Dodged            |    61 |    19 ||    80
